 Dungeon Crawl Stone Soup version 0.29.1-2-gbd0b4ee654 (webtiles) character file.

Game seed: 14966348251373614536

22707 suse60 the Fighter (level 13, -5/81 HPs)
             Began as a Gargoyle Fighter on Oct 25, 2022.
             Was a High Priest of the Shining One.
             Killed from afar by an ice statue (22 damage)
             ... with a bolt of cold
             ... in an ice cave on Oct 26, 2022.
             The game lasted 01:17:02 (14973 turns).

suse60 the Fighter (Gargoyle Fighter)              Turns: 14973, Time: 01:17:03

Health: -5/81      AC: 30    Str: 36    XL:     13   Next: 2%
Magic:  5/20       EV: 12    Int:  5    God:    the Shining One [*****.]
Gold:   1420       SH:  4    Dex:  8    Spells: 12/12 levels left

rFire   . . .      SeeInvis +   C - +4 war axe
rCold   . . .      Faith    .   c - +0 buckler
rNeg    + + +      Spirit   .   J - +0 chain mail
rPois   ∞          Reflect  .   D - +1 helmet of the Original Sin {Str+5 Dex-4 SInv}
rElec   +          Harm     .   d - +2 cloak
rCorr   .          Rampage  .   t - +3 Mad Mage's Maulers {Infuse+∞ RegenMP Int-3}
Will    .....                   K - +0 pair of boots
Stlth   ..........              q - amulet of the acrobat
HPRegen 0.23/turn               m - +6 ring of strength
MPRegen 0.57/turn               B - +4 ring of evasion

@: glowing
A: sickness immunity, AC +9, negative energy resistance 1, electricity
resistance, torment resistance 1, petrification resistance, frail 1, strong 1,
wild magic 1
a: Renounce Religion, Divine Shield, Cleansing Flame, Summon Divine Warrior


You were in an ice cave.
You worshipped the Shining One.
The Shining One was extremely pleased with you.
You visited 3 branches of the dungeon, and saw 14 of its levels.
You also visited: Ossuary and Ice Cave.

You collected 1517 gold pieces.
You spent 97 gold pieces at shops.

Inventory:

Hand Weapons
 C - a +4 war axe (weapon)
Missiles
 o - a silver javelin (quivered)
Armour
 c - a +0 buckler (worn)
 d - a +2 cloak (worn)
 t - the +3 Mad Mage's Maulers (worn) {Infuse+∞ RegenMP Int-3}
   (You found it on level 6 of the Dungeon)

   It empowers its wearer's blows with all of their magic.
   It causes its wearer's magical reserves to regenerate more quickly.
   Int:       It affects your intelligence (-3).
 D - the +1 helmet of the Original Sin (worn) {Str+5 Dex-4 SInv}
   (You found it on level 9 of the Dungeon)

   Str:       It affects your strength (+5).
   Dex:       It affects your dexterity (-4).
   SInv:      It lets you see invisible.
 J - a +0 chain mail (worn)
 K - a +0 pair of boots (worn)
Jewellery
 m - a +6 ring of strength (left hand)
 q - an amulet of the acrobat (around neck)
 B - a +4 ring of evasion (right hand)
Wands
 a - a wand of flame (3)
 u - a wand of iceblast (14)
 y - a wand of mindburst (8)
 M - a wand of digging (13)
Scrolls
 b - a scroll of butterflies
 k - a scroll of teleportation
 v - 3 scrolls of magic mapping
 H - 5 scrolls of identify
 L - 3 scrolls of fear
Potions
 f - 5 potions of magic
 g - 5 potions of resistance
 j - 6 potions of curing
 p - 2 potions of heal wounds
 E - a potion of mutation
 F - 2 potions of haste


   Skills:
 + Level 14.0 Fighting
 - Level 13.4 Axes
 + Level 5.0 Armour
 - Level 3.2 Shields
 - Level 10.0 Invocations


You had 12 spell levels left.
You didn't know any spells.
Your spell library contained the following spells:

 Spells                   Type           Power      Damage    Failure   Level
 Apportation              Tloc           0%         N/A       97%         1
 Necrotise                Necr           0%         1d4       97%         1
 Sandblast                Erth           0%         2d4       97%         1
 Summon Small Mammal      Summ           0%         N/A       97%         1
 Ensorcelled Hibernation  Hex/Ice        0%         N/A       99%         2
 Passwall                 Tmut/Erth      0%         N/A       99%         2
 Conjure Flame            Conj/Fire      0%         6-21      100%        3
 Ignite Poison            Fire/Tmut/Pois 0%         N/A       100%        3
 Portal Projectile        Hex/Tloc       0%         N/A       100%        3
 Stone Arrow              Conj/Erth      0%         3d7       100%        3
 Swiftness                Air            0%         N/A       100%        3
 Tukima's Dance           Hex            0%         N/A       100%        3
 Vampiric Draining        Necr           0%         2d6       100%        3
 Sticky Flame             Conj/Fire      0%         2d3       100%        4
 Agony                    Necr           0%         N/A       100%        5
 Blade Hands              Tmut           0%         N/A       100%        5
 Freezing Cloud           Conj/Ice/Air   0%         6-21      100%        5
 Simulacrum               Ice/Necr       0%         N/A       100%        6
 Polar Vortex             Ice            0%         N/A       100%        9


Dungeon Overview and Level Annotations

Branches:
Dungeon (11/15)            Temple (1/1) D:6            Lair (0/5) D:9
    Orc (2/2) D:11            Elf (0/3) Orc:2       Ossuary (visited)
  IceCv (1/1)

Altars:
Ashenzari
Cheibriados
Dithmenos
Elyvilon
Fedhas
Hepliaklqana
Makhleb
Nemelex Xobeh
Okawaru
Qazlal
Ru
Sif Muna
Trog
Wu Jian
Xom
Yredelemnul
Zin
The Shining One

Shops:
D:5 :   D:8 **   D:10 *

Annotations:
D:3 p0werm0de's ghost, amateur OpMo
D:7 2 transporters, p0werm0de's ghost, novice PaIE IceCv exclusion: ice statue


Innate Abilities, Weirdness & Mutations

You are immune to sickness and miasma.
Your stone body is resilient. (AC +9)
You are immune to poison.
You resist negative energy. (rN+)
You are resistant to electric shocks. (rElec)
You are resistant to unholy torment.
You are immune to petrification.
You are frail. (-10% HP)
Your muscles are strong. (Str +4, Int/Dex -1)
Your spells are a little harder to cast, but a little more powerful.


Message History

The ice statue gestures at you. The shard of ice hits you!
* * * LOW HITPOINT WARNING * * *
Aiming: Corrosive Bolt
Press: ? - help, Q - select action, (/) - cycle Shift-Dir - straight line, f - ice statue
Aim: an ice statue (freezing vapour, severely damaged, haloed, 100% to hit)
The bolt of acid hits the ice statue.
The acid corrodes the ice statue!
The ice statue is almost destroyed.
The ice statue gestures at you. The shard of ice hits you!
* * * LOW HITPOINT WARNING * * *
You feel much better. The ice statue gestures at you.
The freezing blast engulfs you but does no damage.
The ice statue gestures at you. The freezing blast misses you.
Aiming: Corrosive Bolt
Press: ? - help, Q - select action, (/) - cycle Shift-Dir - straight line, f/p - ice statue
Aim: an ice statue (almost destroyed, covered in acid, haloed, 100% to hit)
The bolt of acid hits the ice statue!
The ice statue seems to be corroded for longer.
The ice statue is almost destroyed.
The now-empty wand crumbles to dust.
You are engulfed in freezing vapours.
You feel much better.
You are engulfed in freezing vapours.
Aiming: Throw Flame
Press: ? - help, Q - select action, (/) - cycle Shift-Dir - straight line, f/p - ice statue
Aim: an ice statue (almost destroyed, covered in acid, haloed, 100% to hit)
You hear a sizzling sound!
You are engulfed in freezing vapours.
Aiming: Throw Flame
Press: ? - help, Q - select action, (/) - cycle Shift-Dir - straight line, f/p - ice statue
Aim: an ice statue (almost destroyed, covered in acid, haloed, 100% to hit)
The puff of flame hits the ice statue.
The ice statue melts!
The ice statue is almost destroyed.
You are engulfed in freezing vapours.
* * * LOW HITPOINT WARNING * * *
The ice statue gestures at you. The bolt of cold hits you!!
You die...

.. # ##..†...# .#$
##...##..# ###.#
###...##...#
#...####...####..##
#.8.##..†####...#
##...##..# #....#
#..###..####..∩#
#○.####..##∩..##
##@○#.....####
##°☼.○#.## ########


You could see an ice statue (corroded).

Vanquished Creatures
  Josephine (D:11)
  An ogre mage (D:10)
  A boulder beetle (D:11)
  Erolcha (D:11)
  A two-headed ogre (D:10)
  Lodul (D:11)
  Pikel (D:6)
  An orc knight (Orc:1)
  An ugly thing (D:11)
  A cyclops (D:11)
  An orc sorcerer (Orc:1)
  An elephant (D:9)
  2 gargoyles (D:11)
  An unseen horror (D:11)
  Psyche (D:8)
  A kobold demonologist (D:11)
  A polar bear (IceCv)
  5 trolls
  5 shadows
  Sigmund (D:6)
  7 wraiths
  2 vampires
  25 yaks
  5 wyverns
  A basilisk (D:9)
  6 vampire mosquitoes (D:10)
  2 wargs
  2 acid dragons (D:10)
  2 water moccasins
  10 orc warriors
  2 ice beasts (D:7)
  2 black bears
  3 wolves (IceCv)
  8 ogres
  4 centaurs
  4 kobold brigands
  A scorpion (D:7)
  5 bullfrogs
  2 gnoll sergeants
  2 two-headed ogre simulacra (Orc:2)
  9 wights
  6 killer bees
  12 howler monkeys
  2 lava snakes (D:8)
  3 quasits (D:3)
  9 orc priests
  A gnoll bouda (D:8)
  3 hounds
  4 iguanas
  13 orc wizards
  2 spriggan simulacra (Orc:2)
  2 wolf simulacra (Orc:2)
  8 mummies (Ossuary)
  15 gnolls
  2 naga simulacra (Orc:2)
  5 adders
  A shadow imp (D:6)
  A white imp (D:8)
  An ufetubus (D:5)
  A worm (D:2)
  4 dart slugs
  43 orcs
  4 bats
  7 endoplasms
  3 giant cockroaches (D:1)
  3 gnoll zombies (Ossuary)
  4 hobgoblins
  8 jackals
  A quokka (D:1)
  8 ball pythons
  10 goblins
  2 hobgoblin zombies (Ossuary)
  18 kobolds
  2 kobold zombies (Ossuary)
  An orc zombie (Ossuary)
  3 rats
345 creatures vanquished.

Vanquished Creatures (others)
  6 plants (D:7)
6 creatures vanquished.

Grand Total: 351 creatures vanquished

Notes
Turn   | Place    | Note
-------+----------+-------------------------------------------
     0 | D:1      | suse60 the Gargoyle Fighter began the quest for the Orb.
     0 | D:1      | Reached XP level 1. HP: 14/14 MP: 1/1
   141 | D:1      | Reached XP level 2. HP: 19/19 MP: 2/2
   385 | D:1      | Reached XP level 3. HP: 21/24 MP: 3/3
   482 | D:1      | Reached skill level 4 in Fighting
   505 | D:1      | Found a faded altar of an unknown god.
  1030 | D:3      | Found a transporter.
  1034 | D:3      | Noticed p0werm0de's ghost (amateur OpMo)
  1091 | D:3      | Found a transporter.
  1267 | D:3      | Reached XP level 4. HP: 10/30 MP: 4/4
  1767 | D:3      | Noticed a gnoll sergeant
  2106 | D:2      | Reached XP level 5. HP: 34/34 MP: 5/5
  2446 | D:2      | Reached skill level 5 in Fighting
  3301 | D:3      | Reached XP level 6. HP: 31/41 MP: 6/6
  3662 | D:3      | Reached skill level 6 in Fighting
  4223 | D:4      | Gained mutation: You do not regenerate when monsters are
                  | visible. [potion of mutation]
  4223 | D:4      | Gained mutation: You possess an exceptional clarity of
                  | mind. [potion of mutation]
  4224 | D:4      | Lost mutation: You possess an exceptional clarity of mind.
                  | [potion of mutation]
  4224 | D:4      | Lost mutation: You do not regenerate when monsters are
                  | visible. [potion of mutation]
  4224 | D:4      | Gained mutation: You are frail. (-10% HP) [potion of
                  | mutation]
  4224 | D:4      | Gained mutation: Your spells are a little harder to cast,
                  | but a little more powerful. [potion of mutation]
  4224 | D:4      | Gained mutation: Your muscles are strong. (Str +4, Int/Dex
                  | -1) [potion of mutation]
  4330 | D:4      | Noticed a black bear
  4722 | D:4      | Killed a black bear
  4723 | D:4      | Reached skill level 5 in Axes
  4723 | D:4      | Reached XP level 7. HP: 41/42 MP: 7/7
  5388 | D:5      | Entered Level 5 of the Dungeon
  5650 | D:5      | Found Ygeacvewau's Book Shop.
  6348 | D:5      | Reached skill level 7 in Fighting
  7079 | D:6      | Found the +3 Mad Mage's Maulers {Infuse+∞ RegenMP Int-3}
  7160 | D:6      | Reached XP level 8. HP: 47/47 MP: 0/8
  7363 | D:6      | Found an iron altar of Okawaru.
  7373 | D:6      | Noticed Sigmund
  7374 | D:6      | Found a sacrificial altar of Ru.
  7384 | D:6      | Killed Sigmund
  7385 | D:6      | Reached skill level 8 in Fighting
  7544 | D:6      | Noticed Pikel
  7555 | D:6      | Killed Pikel
  7556 | D:6      | Reached skill level 9 in Fighting
  7718 | D:6      | Found a staircase to the Ecumenical Temple.
  7736 | Temple   | Entered the Ecumenical Temple
  7745 | Temple   | Became a worshipper of the Shining One
  7857 | D:7      | Noticed a shadow
  7864 | D:7      | Killed a shadow
  7865 | D:7      | Reached XP level 9. HP: 54/54 MP: 0/9
  7902 | D:7      | Identified the +5 trident of Expedience {chaos, Int+4}
  7915 | D:7      | Found a transporter.
  7951 | D:7      | Found a sand-covered staircase.
  7960 | Ossuary  | Entered an ossuary
  8104 | Ossuary  | Reached * piety under the Shining One
  8204 | Ossuary  | Reached ** piety under the Shining One
  8579 | D:7      | Reached skill level 10 in Fighting
  9003 | D:7      | Identified the amulet of the Burning Enemy {rN+ Regen+}
  9010 | D:7      | Noticed p0werm0de's ghost (novice PaIE)
  9012 | D:7      | Found a transporter.
  9204 | D:8      | You fall into a shaft and drop 1 floor!
  9244 | D:9      | Reached skill level 11 in Fighting
  9247 | D:9      | Found a staircase to the Lair.
  9247 | D:9      | Noticed an elephant
  9260 | D:9      | Reached skill level 1 in Invocations
  9260 | D:9      | Reached XP level 10. HP: 62/62 MP: 0/11
  9876 | D:8      | Noticed Psyche
  9886 | D:8      | Killed Psyche
  9954 | D:8      | Found Umin's Specific Store.
  9954 | D:8      | Found Lutiw's General Store.
  9966 | D:8      | Bought a scroll of magic mapping for 97 gold pieces
 10155 | D:8      | Reached *** piety under the Shining One
 10460 | D:9      | Reached skill level 10 in Axes
 10468 | D:9      | Reached skill level 5 in Invocations
 10702 | D:9      | Identified the +1 helmet of the Original Sin {Str+5 Dex-4
                  | SInv}
 10749 | D:9      | Killed an elephant
 11094 | D:10     | Entered Level 10 of the Dungeon
 11427 | D:10     | Noticed an ogre mage
 11434 | D:10     | Reached XP level 11. HP: 65/66 MP: 0/16
 11449 | D:10     | Killed an ogre mage
 11681 | D:10     | Reached **** piety under the Shining One
 11939 | D:10     | Noticed a two-headed ogre
 11945 | D:10     | Killed a two-headed ogre
 11946 | D:10     | Reached skill level 10 in Invocations
 12324 | D:10     | Found a bloodstained altar of Trog.
 12416 | D:10     | Found Boweazxo's Gadget Gallery.
 12528 | D:10     | Found a broken altar of Ashenzari.
 12528 | D:10     | Found a burning altar of Makhleb.
 12528 | D:10     | Found a snail-covered altar of Cheibriados.
 12529 | D:10     | Found a blossoming altar of Fedhas.
 12531 | D:10     | Found a shimmering altar of Xom.
 12532 | D:10     | Found a white marble altar of Elyvilon.
 12872 | D:11     | Reached XP level 12. HP: 62/72 MP: 0/19
 12979 | D:11     | Noticed Erolcha
 12993 | D:11     | Killed Erolcha
 13000 | D:11     | Reached skill level 12 in Fighting
 13104 | D:11     | Reached ***** piety under the Shining One
 13243 | D:11     | Found a staircase to the Orcish Mines.
 13276 | D:11     | Noticed Lodul
 13316 | D:11     | Killed Lodul
 13503 | D:11     | Noticed Josephine
 13517 | D:11     | Killed Josephine
 13518 | D:11     | Reached skill level 13 in Fighting
 13828 | D:11     | Noticed a boulder beetle
 13839 | D:11     | Killed a boulder beetle
 14263 | Orc:1    | Entered Level 1 of the Orcish Mines
 14876 | Orc:2    | Entered Level 2 of the Orcish Mines
 14885 | Orc:2    | Found a frozen archway.
 14915 | IceCv    | Entered an ice cave
 14931 | IceCv    | Reached skill level 14 in Fighting
 14931 | IceCv    | Reached XP level 13. HP: 81/81 MP: 0/20
 14937 | IceCv    | Reached skill level 5 in Armour
 14967 | IceCv    | HP: 1/81 [ice statue/shard of ice (12)]
 14973 | IceCv    | Killed from afar by an ice statue

Illustrated notes

Levels and vault maps discovered:
D:1:      dpeg_arrival_tiny_j, layout_rooms, chequers_ecumenical_altar_twisty,
          chequers_garden
D:2:      layout_rooms
D:3:      layout_basic, gammafunk_ghost_stat_death
D:4:      layout_cave_pods, chequers_hall_statues_wall_a
D:5:      layout_layer_cave, serial_shops, nicolae_shop_behind_doors,
          chequers_serial_rivers_room_a, kennysheep_generic_room_12
D:6:      wad_pebble_path, layout_loops_ring, grunt_temple_overflow_open,
          minmay_temple_entry_crystal_x, nrook_mini_vaults, uniq_pikel,
          uniq_sigmund
D:7:      layout_basic, enter_ossuary_1, gammafunk_ghost_gnarly_gnolls,
          minmay_misc_feat_chi
D:8:      layout_gridville, kennysheep_decorative_pillar,
          nicolae_specific_store, nrook_campfire, uniq_psyche
D:9:      layout_cave_pools, david_lair_generic, enter_bailey_3
D:10:     minmay_imperfect_grid, layout_cave_pools, minitemple,
          nicolae_shop_gadgets
D:11:     layout_loops_ring, david_orc_1_choice, minmay_misc_feat_hallway,
          uniq_lodul, uniq_erolcha, uniq_josephine
Temple:   compressed_dpeg_triangle_lava_temple
Orc:1:    layout_diamond_mine, serial_shops, nicolae_lakefront_shop
Orc:2:    st_orc_congregation, layout_diamond_mine,
          portal_ice_cave_entry_ice_simulacra, serial_shops, nicolae_square_shop
IceCv:    ice_cave_caverns_03

Skill      XL: |  1  2  3  4  5  6  7  8  9 10 11 12 13 |
---------------+----------------------------------------+-----
Axes           | 2 3 4 5 7 9 10 12 13 | 13.4
Fighting       | 4 5 6 7 9 11 14 | 14.0
Invocations    | 1 7 10 | 10.0
Armour         | 4 5 |  5.0
Shields        | |  3.2

Action                   |  1- 3 |  4- 6 |  7- 9 | 10-12 | 13-15 || total
-------------------------+-------+-------+-------+-------+-------++-------
Melee: War axe           |   109 |   171 |   158 |   512 |    13 ||   963
       Unarmed           |       |       |       |     1 |       ||     1
Throw: Throwing net      |       |     2 |     1 |       |       ||     3
       Javelin           |       |       |     3 |     4 |       ||     7
Evoke: Wand              |       |       |       |     4 |     4 ||     8
  Use: Scroll            |     4 |     7 |    10 |     9 |     1 ||    31
       Potion            |     1 |     4 |       |     1 |     2 ||     8
Armor: Scale mail        |    62 |   177 |    93 |   105 |       ||   437
       Chain mail        |       |       |       |    92 |     5 ||    97
Dodge: Dodged            |    47 |   119 |    87 |   319 |     9 ||   581
Block: Buckler           |    20 |    71 |    49 |    80 |     1 ||   221
